 Dungeon Sprint DCSS version 0.29-a0-700-g2f1814c7b2 (webtiles) character file.

Game seed: 9091532238407522421

37335 mhtbhm the Ninja (level 13, -11/67 HPs)
             Began as a Spriggan Enchanter on June 25, 2022.
             Was the Champion of Sif Muna.
             Killed from afar by a naga mage (33 damage)
             ... with a bolt of poison
             ... in the Dungeon (Sprint IX: "|||||||||||||||||||||||||||||").
             The game lasted 00:16:15 (5994 turns).

mhtbhm the Ninja (Spriggan Enchanter)               Turns: 5994, Time: 00:16:16

Health: -11/67     AC:  3    Str:  4    XL:     13   Next: 57%
Magic:  27/38      EV: 32    Int: 17    God:    Sif Muna [******]
Gold:   568        SH:  0    Dex: 23    Spells: 16/52 levels left

rFire   . . .      SeeInvis +   a - +2 rapier (drain)
rCold   . . .      Faith    .   (no shield)
rNeg    . . .      Spirit   .   b - +0 robe
rPois   .          Reflect  .   (helmet restricted)
rElec   .          Harm     .   k - +0 cloak
rCorr   .          Rampage  .   (gloves unavailable)
Will    ++...      NoTele   +   (boots unavailable)
Stlth   ++++++++++              v - amulet of regeneration
HPRegen 1.01/turn               l - +3 ring of dexterity
MPRegen 0.26/turn               w - ring of wizardry

@: lethally poisoned (-11 -> -15), very quick
A: very small, no large weapons, unfitting armour, see invisible, speed 3
a: Renounce Religion, Channel Magic, Forget Spell, Divine Exegesis


You were in the Dungeon.
You worshipped Sif Muna.
Sif Muna was exalted by your worship.
You visited 1 branch You collected 1922 gold pieces.
You spent 1354 gold pieces at shops.

Inventory:

Hand Weapons
 a - a +2 rapier of draining (weapon)
Missiles
 m - 3 curare-tipped darts (quivered)
 u - 7 poisoned darts
Armour
 b - a +0 robe (worn)
 k - a +0 cloak (worn)
Jewellery
 l - a +3 ring of dexterity (left hand)
 v - an amulet of regeneration (around neck)
 w - a ring of wizardry (right hand)
 x - a ring of ice
 y - a ring of protection from fire
Wands
 j - a wand of iceblast (3)
Scrolls
 h - 2 scrolls of amnesia
 q - a scroll of identify
 r - 4 scrolls of enchant weapon
 s - 4 scrolls of fog
 t - 4 scrolls of enchant armour
 A - a scroll of fear
Potions
 c - 4 potions of invisibility
 d - 6 potions of curing
 e - 4 potions of heal wounds
 f - a potion of mutation
 g - 4 potions of magic
 n - 3 potions of might
 o - 4 potions of berserk rage
 z - a potion of resistance
Miscellaneous
 p - a phial of floods


   Skills:
 + Level 7.4 Fighting
 + Level 14.3 Short Blades
 + Level 0.6 Throwing
 + Level 14.9 Dodging
 O Level 27 Stealth
 + Level 20.2 Spellcasting
 + Level 2.7 Conjurations
 + Level 20.4 Hexes
 + Level 9.1 Ice Magic
 + Level 5.2 Evocations


You had 16 spell levels left.
You knew the following spells:

 Your Spells              Type           Power      Damage    Failure   Level
a - Ensorcelled Hibernat  Hex/Ice        100%       N/A       0%          2
b - Confusing Touch       Hex            72%        N/A       0%          3
c - Tukima's Dance        Hex            72%        N/A       0%          3
d - Dazzling Flash        Conj/Hex       100%       N/A       1%          3
e - Enfeeble              Hex            36%        N/A       1%          7
f - Slow                  Hex            100%       N/A       0%          1
g - Discord               Hex            36%        N/A       1%          8
h - Anguish               Hex/Necr       25%        N/A       1%          4
i - Metabolic Englaciati  Hex/Ice        30%        N/A       1%          5

Your spell library contained the following spells:

 Spells                   Type           Power      Damage    Failure   Level
 Cause Fear               Hex            36%        N/A       0%          4
 Necrotize                Necr           68%        1d7       1%          1
 Shock                    Conj/Air       84%        1d8       1%          1
 Passwall                 Tmut/Erth      14%        N/A       1%          2
 Static Discharge         Conj/Air       21%        N/A       1%          2
 Conjure Flame            Conj/Fire      21%        6-21      1%          3
 Inner Flame              Hex/Fire       51%        N/A       1%          3
 Ozocubu's Armour         Ice            48%        N/A       1%          3
 Portal Projectile        Hex/Tloc       100%       N/A       1%          3
 Stone Arrow              Conj/Erth      42%        3d9       1%          3
 Fulminant Prism          Conj/Hex       27%        3d14      1%          4
 Hailstorm                Conj/Ice       37%        3d9       1%          4
 Ice Form                 Ice/Tmut       32%        N/A       1%          4
 Leda's Liquefaction      Hex/Erth       25%        N/A       1%          4
 Summon Ice Beast         Ice/Summ       32%        N/A       1%          4
 Silence                  Hex/Air        25%        N/A       1%          5
 Summon Mana Viper        Hex/Summ       51%        N/A       1%          5
 Yara's Violent Unravell  Hex/Tmut       25%        3d11      1%          5
 Call Canine Familiar     Summ           17%        N/A       3%          3
 Vampiric Draining        Necr           17%        2d7       3%          3
 Flame Wave               Conj/Fire      21%        2d7       7%          4
 Animate Armour           Summ/Erth      34%        N/A       12%         4
 Corpse Rot               Necr/Pois/Air  17%        N/A       12%         4
 Dispel Undead            Necr           17%        3d10      12%         4
 Fireball                 Conj/Fire      10%        3d6       19%         5
 Simulacrum               Ice/Necr       16%        N/A       26%         6
 Agony                    Necr           17%        N/A       32%         5
 Alistair's Intoxication  Tmut/Pois      11%        N/A       32%         5
 Blade Hands              Tmut           8%         N/A       32%         5
 Iron Shot                Conj/Erth      10%        9d3       67%         6
 Starburst                Conj/Fire      10%        6d5       67%         6
 Statue Form              Tmut/Erth      11%        N/A       86%         6
 Summon Cactus Giant      Summ           8%         N/A       86%         6
 Spellforged Servitor     Conj/Summ      10%        N/A       99%         7
 Haunt                    Necr/Summ      8%         N/A       100%        7
 Malign Gateway           Summ/Tloc      8%         N/A       100%        7
 Lehudib's Crystal Spear  Conj/Erth      10%        10d4      100%        8
 Summon Horrible Things   Summ           8%         N/A       100%        8


Dungeon Overview and Level Annotations

Branches:
Dungeon (1/1)

Altars:
Cheibriados
Dithmenos
Elyvilon
Fedhas
Gozag
Hepliaklqana
Kikubaaqudgha
Makhleb
Nemelex Xobeh
Okawaru
Qazlal
Ru
Sif Muna
Trog
Uskayaw
Vehumet
Wu Jian
Xom
Yredelemnul
Zin
The Shining One
Beogh
Jiyva
Lugonu

Shops:
D =(!*


Innate Abilities, Weirdness & Mutations

You are very small and have problems with some larger weapons.
You are too small for most types of armour.
You have supernaturally acute eyesight. (SInv)
You cover ground extremely quickly. (Speed+++)


Message History

The shock serpent completely resists.
The bolt of electricity hits you!
The shock serpent completely misses you.
Casting: Ensorcelled Hibernation (safe; 0% risk of failure)
Confirm with . or Enter, or press ? or * to list all spells.
Aiming: Ensorcelled Hibernation (safe; 0% risk of failure)
Press: ? - help, Shift-Dir - straight line, f/p - shock serpent
Aim: a shock serpent (chance to affect: 54%)
The shock serpent looks drowsy...
The helpless shock serpent fails to defend itself.
You skewer the shock serpent like a kebab!!!!!!
You kill the shock serpent!
Sif Muna accepts your kill.
The air sparks with electricity, shocking you!
Press: ? - help, v - describe, . - travel The floor.
Casting: Ensorcelled Hibernation (safe; 0% risk of failure)
Confirm with . or Enter, or press ? or * to list all spells.
Aiming: Ensorcelled Hibernation (safe; 0% risk of failure)
Press: ? - help, Shift-Dir - straight line, f - shock serpent
Aim: a shock serpent (chance to affect: 54%)
The shock serpent looks drowsy...
The helpless shock serpent fails to defend itself.
You skewer the shock serpent like a kebab!!!!!
You kill the shock serpent!
Sif Muna accepts your kill.
The air sparks with electricity, shocking you!
* * * LOW HITPOINT WARNING * * *
Unknown command.
Casting: Ensorcelled Hibernation (safe; 0% risk of failure)
Confirm with . or Enter, or press ? or * to list all spells.
Aiming: Ensorcelled Hibernation (safe; 0% risk of failure)
Press: ? - help, Shift-Dir - straight line, f - black mamba
Aim: a black mamba (chance to affect: 71%)
The black mamba looks drowsy...
The naga mage gestures at you while chanting.
The bolt of poison hits the black mamba.
The black mamba hisses angrily.
The bolt of poison hits you!!
You are poisoned.
You die...

▓▓▓▓▓▓▓▓♣♣♣♣♣♣♣♣♣♣▓▓▓▓▓▓▓▓
N..N.N)S.@...†...'[.......
▓▓▓▓▓▓▓▓▓▓▓▓▓▓▓♣♣♣♣♣♣♣♣♣♣▓▓▓▓▓▓▓▓
.................................
▓▓▓▓▓▓▓▓▓▓▓▓▓▓▓▓▓▓▓▓▓▓▓▓▓▓▓▓▓▓▓▓▓
.'.......)()(.).('......)...[[[[[
▓▓▓▓▓▓▓▓▓▓▓▓▓▓▓▓▓▓▓▓▓▓▓▓▓▓▓▓▓▓▓▓▓
......................)..........
▓▓▓▓▓▓▓▓▓▓▓▓▓▓▓▓▓▓▓▓▓▓▓▓▓▓▓▓▓▓▓▓▓
.')....∩.∩.∩.∩.....'...)..)..)[)'


You could see a black mamba, a naga mage (fast) and a naga.

Vanquished Creatures
  A frost giant (D)
  3 stone giants (D)
  A bunyip (D)
  2 hydras (D)
  An ice dragon (D)
  5 ogre magi (D)
  A merfolk avatar (D)
  3 centaur warriors (D)
  A radroach (D)
  A deep troll earth mage (D)
  A two-headed ogre (D)
  2 merfolk aquamancers (D)
  2 alligators (D)
  A spriggan berserker (D)
  2 shock serpents (D)
  Sonja (D)
  An orc high priest (D)
  3 swamp dragons (D)
  5 deep trolls (D)
  2 pharaoh ants (D)
  2 harpies (D)
  An ugly thing (D)
  3 orc knights (D)
  3 wolf spiders (D)
  3 cyclopes (D)
  A manticore (D)
  A will-o-the-wisp (D)
  A merfolk siren (D)
  2 black mambas (D)
  A yaktaur (D)
  A gargoyle (D)
  4 cane toads (D)
  5 komodo dragons (D)
  A kobold demonologist (D)
  A tengu conjurer (D)
  A merfolk (D)
  A hornet (D)
  4 trolls (D)
  A blink frog (D)
  A shadow (D)
  A jumping spider (D)
  A slime creature (D)
  A wraith (D)
  2 culicivoras (D)
  A yak (D)
  A basilisk (D)
  2 vampire mosquitoes (D)
  3 wargs (D)
  An acid dragon (D)
  A naga (D)
  A water moccasin (D)
  A hell hound (D)
  8 orc warriors (D)
  A black bear (D)
  4 wolves (D)
  A kobold brigand (D)
  2 bullfrogs (D)
  A wight (D)
  2 hounds (D)
  3 orc priests (D)
  4 orc wizards (D)
  An adder (D)
  A dart slug (D)
  6 orcs (D)
  A hobgoblin (D)
  A jackal (D)
  A kobold (D)
  A goblin (D)
  A rat (D)
132 creatures vanquished.

Vanquished Creatures (others)
  A dancing weapon (D)
  6 foxfires (D)
7 creatures vanquished.

Grand Total: 139 creatures vanquished

Notes
Turn   | Place    | Note
-------+----------+-------------------------------------------
     0 | D        | mhtbhm the Spriggan Enchanter began the quest for the Orb.
     0 | D        | Reached XP level 1. HP: 9/9 MP: 5/5
    11 | D        | Reached skill level 5 in Stealth
   110 | D        | Noticed a black bear
   110 | D        | Noticed a hound
   110 | D        | Noticed a hound
   112 | D        | Killed a hound
   113 | D        | Reached skill level 6 in Stealth
   113 | D        | Reached skill level 5 in Hexes
   113 | D        | Reached XP level 2. HP: 13/13 MP: 6/8
   113 | D        | Reached XP level 3. HP: 16/16 MP: 6/9
   117 | D        | Reached skill level 7 in Stealth
   117 | D        | Reached XP level 4. HP: 21/21 MP: 6/11
   125 | D        | Killed a black bear
   126 | D        | Reached skill level 9 in Stealth
   126 | D        | Reached skill level 5 in Spellcasting
   126 | D        | Reached XP level 5. HP: 18/25 MP: 6/13
   279 | D        | Found a snail-covered altar of Cheibriados.
   279 | D        | Found a shadowy altar of Dithmenos.
   279 | D        | Found a white marble altar of Elyvilon.
   279 | D        | Found a blossoming altar of Fedhas.
   279 | D        | Found an opulent altar of Gozag.
   280 | D        | Found a hazy altar of Hepliaklqana.
   281 | D        | Found a viscous altar of Jiyva.
   282 | D        | Found an ancient bone altar of Kikubaaqudgha.
   283 | D        | Found a corrupted altar of Lugonu.
   284 | D        | Found a burning altar of Makhleb.
   285 | D        | Found a sparkling altar of Nemelex Xobeh.
   286 | D        | Found an iron altar of Okawaru.
   287 | D        | Found a stormy altar of Qazlal.
   288 | D        | Found a sacrificial altar of Ru.
   289 | D        | Found a shimmering blue altar of Sif Muna.
   296 | D        | Found a bloodstained altar of Trog.
   297 | D        | Found a hide-covered altar of Uskayaw.
   298 | D        | Found a radiant altar of Vehumet.
   299 | D        | Found an ornate altar of the Wu Jian Council.
   300 | D        | Found a shimmering altar of Xom.
   301 | D        | Found a basalt altar of Yredelemnul.
   302 | D        | Found a glowing silver altar of Zin.
   325 | D        | Became a worshipper of Sif Muna the Loreminder
   326 | D        | Found a glowing golden altar of the Shining One.
   361 | D        | Noticed a vampire mosquito
   361 | D        | Noticed a two-headed ogre
   361 | D        | Noticed a shadow
   361 | D        | Noticed a wraith
   386 | D        | Killed a wraith
   387 | D        | Reached skill level 1 in Fighting
   387 | D        | Reached skill level 5 in Short Blades
   387 | D        | Reached skill level 11 in Stealth
   387 | D        | Reached XP level 6. HP: 19/30 MP: 16/16
   389 | D        | Reached skill level 1 in Evocations
   394 | D        | Reached * piety under Sif Muna
   395 | D        | Reached skill level 10 in Hexes
   400 | D        | Killed a shadow
   401 | D        | Reached skill level 12 in Stealth
   401 | D        | Reached XP level 7. HP: 22/35 MP: 16/18
   403 | D        | Killed a two-headed ogre
   404 | D        | Reached skill level 13 in Stealth
   404 | D        | Reached XP level 8. HP: 26/40 MP: 17/21
   418 | D        | Reached ** piety under Sif Muna
   419 | D        | Reached skill level 10 in Dodging
   419 | D        | Reached skill level 14 in Stealth
   441 | D        | Learned a level 2 spell: Ensorcelled Hibernation
   445 | D        | Learned a level 3 spell: Confusing Touch
   449 | D        | Learned a level 3 spell: Tukima's Dance
   453 | D        | Learned a level 3 spell: Dazzling Flash
   583 | D        | Noticed a kobold demonologist
   583 | D        | Noticed a troll
   583 | D        | Noticed a centaur warrior
   583 | D        | Noticed a gargoyle
   587 | D        | Killed a gargoyle
   592 | D        | Killed a centaur warrior
   593 | D        | Reached skill level 10 in Short Blades
   593 | D        | Reached skill level 15 in Stealth
   593 | D        | Reached XP level 9. HP: 37/45 MP: 22/22
   593 | D        | Killed a troll
   595 | D        | Reached *** piety under Sif Muna
   598 | D        | Killed a kobold demonologist
   599 | D        | Reached skill level 16 in Stealth
   756 | D        | Noticed a cane toad
   756 | D        | Noticed a komodo dragon
   756 | D        | Noticed a komodo dragon
   756 | D        | Noticed a black mamba
   757 | D        | Noticed a cane toad
   759 | D        | Killed a black mamba
   759 | D        | Reached **** piety under Sif Muna
   760 | D        | Reached skill level 5 in Fighting
   763 | D        | Killed a komodo dragon
   768 | D        | Killed a komodo dragon
   769 | D        | Reached skill level 17 in Stealth
  1081 | D        | Killed a cane toad
  1081 | D        | Reached ***** piety under Sif Muna
  1081 | D        | Received a gift from Sif Muna
  1082 | D        | Reached skill level 1 in Ice Magic
  1082 | D        | Reached XP level 10. HP: 51/51 MP: 18/24
  1085 | D        | Killed a cane toad
  1086 | D        | Reached skill level 18 in Stealth
  1088 | D        | Got Kevvioqi's Collected Works on Bewitching Air {god gift}
  1099 | D        | Learned a level 7 spell: Enfeeble
  1234 | D        | Noticed a cane toad
  1234 | D        | Noticed a black mamba
  1234 | D        | Noticed a cane toad
  1237 | D        | Reached skill level 10 in Spellcasting
  1239 | D        | Killed a cane toad
  1241 | D        | Killed a black mamba
  1241 | D        | Received a gift from Sif Muna
  1242 | D        | Reached skill level 19 in Stealth
  1245 | D        | Killed a cane toad
  1256 | D        | Received a gift from Sif Muna
  1363 | D        | Got Cisa's Papyrus of Entrancing Stones {god gift}
  1427 | D        | Reached skill level 20 in Stealth
  1441 | D        | Received a gift from Sif Muna
  1623 | D        | Received a gift from Sif Muna
  1629 | D        | Reached XP level 11. HP: 48/56 MP: 13/27
  1668 | D        | Got Sif Muna's Catalogue of Syndicalism {god gift}
  1854 | D        | Noticed an orc high priest
  1854 | D        | Noticed an orc knight
  1856 | D        | Killed an orc knight
  1857 | D        | Reached skill level 5 in Ice Magic
  1857 | D        | Noticed an orc knight
  1866 | D        | Reached ****** piety under Sif Muna
  1877 | D        | Killed an orc high priest
  1877 | D        | Received a gift from Sif Muna
  1878 | D        | Reached skill level 21 in Stealth
  1878 | D        | Reached skill level 15 in Hexes
  1926 | D        | Killed an orc knight
  2026 | D        | Noticed an orc knight
  2042 | D        | Killed an orc knight
  2042 | D        | Received a gift from Sif Muna
  2046 | D        | Got Sif Muna's Guide on Evil Transmigration {god gift}
  2081 | D        | Learned a level 1 spell: Slow
  2166 | D        | Found Imoac's General Store.
  2166 | D        | Noticed a deep troll
  2166 | D        | Noticed an ogre mage
  2166 | D        | Noticed a deep troll
  2167 | D        | Noticed an ogre mage
  2168 | D        | Killed a deep troll
  2169 | D        | Found Jahetipp's Distillery.
  2197 | D        | Noticed a deep troll
  2199 | D        | Killed an ogre mage
  2200 | D        | Reached skill level 22 in Stealth
  2271 | D        | Killed a deep troll
  2272 | D        | Reached skill level 5 in Evocations
  2512 | D        | Noticed a deep troll
  2513 | D        | Killed an ogre mage
  2560 | D        | Killed a deep troll
  2836 | D        | Killed a deep troll
  2928 | D        | Received a gift from Sif Muna
  2931 | D        | Got Sif Muna's Collected Works on Battle Magic and
                  | Summoning {god gift}
  2942 | D        | Noticed an ogre mage
  2947 | D        | Killed an ogre mage
  2970 | D        | Noticed an ogre mage
  2994 | D        | Killed an ogre mage
  3178 | D        | Found Bocinuna's Antique Weapon Boutique.
  3182 | D        | Found Zaskit's Jewellery Shop.
  3188 | D        | Noticed a deep troll
  3189 | D        | Noticed an ogre mage
  3195 | D        | Killed a deep troll
  3196 | D        | Reached skill level 15 in Spellcasting
  3196 | D        | Reached XP level 12. HP: 61/61 MP: 30/32
  3197 | D        | Killed an ogre mage
  3198 | D        | Reached skill level 23 in Stealth
  3214 | D        | Bought a potion of curing for 42 gold pieces
  3214 | D        | Bought a potion of curing for 42 gold pieces
  3214 | D        | Bought a potion of curing for 42 gold pieces
  3214 | D        | Bought a potion of invisibility for 112 gold pieces
  3214 | D        | Bought 2 potions of invisibility for 224 gold pieces
  3214 | D        | Bought a potion of might for 56 gold pieces
  3214 | D        | Bought a potion of might for 56 gold pieces
  3222 | D        | Bought an amulet of regeneration for 390 gold pieces
  3239 | D        | Bought a ring of wizardry for 390 gold pieces
  3281 | D        | Noticed Sonja
  3288 | D        | Killed Sonja
  3381 | D        | Noticed a centaur warrior
  3384 | D        | Noticed a centaur warrior
  3385 | D        | Received a gift from Sif Muna
  3386 | D        | Noticed a stone giant
  3391 | D        | Noticed an ice dragon
  3393 | D        | Noticed a stone giant
  3395 | D        | Killed a centaur warrior
  3398 | D        | Noticed a stone giant
  3401 | D        | Noticed a frost giant
  3403 | D        | Killed a stone giant
  3404 | D        | Reached skill level 24 in Stealth
  3404 | D        | Noticed a deep troll earth mage
  3406 | D        | Killed a centaur warrior
  3556 | D        | Killed an ice dragon
  3557 | D        | Reached skill level 1 in Conjurations
  3596 | D        | Killed a stone giant
  3596 | D        | Received a gift from Sif Muna
  3660 | D        | Killed a stone giant
  3661 | D        | Reached skill level 25 in Stealth
  3727 | D        | Killed a frost giant
  3737 | D        | Killed a deep troll earth mage
  3769 | D        | Got Sif Muna's Almanac of Flamy Execration {god gift}
  3779 | D        | Learned a level 8 spell: Discord
  3784 | D        | Learned a level 4 spell: Anguish
  3790 | D        | Learned a level 5 spell: Metabolic Englaciation
  3898 | D        | Noticed a merfolk aquamancer
  3898 | D        | Noticed a merfolk aquamancer
  3899 | D        | Noticed a merfolk avatar
  3902 | D        | Killed a merfolk aquamancer
  3911 | D        | Received a gift from Sif Muna
  3920 | D        | Killed a merfolk aquamancer
  3921 | D        | Reached skill level 26 in Stealth
  3921 | D        | Reached XP level 13. HP: 60/67 MP: 22/36
  3942 | D        | Got Sif Muna's Catalogue of Battle Magic {god gift}
  4023 | D        | Received a gift from Sif Muna
  4266 | D        | Reached skill level 27 in Stealth
  4291 | D        | Received a gift from Sif Muna
  4301 | D        | Got Sif Muna's Grimoire of Calling and Ice {god gift}
  4460 | D        | Noticed a bunyip
  4617 | D        | HP: 1/67 [poisoned by something (poison gas)]
  4625 | D        | HP: 3/67 [poisoned by something (poison gas)]
  4631 | D        | HP: 3/67 [poisoned by something (poison gas)]
  5913 | D        | Received a gift from Sif Muna
  5927 | D        | Killed a bunyip
  5935 | D        | Got Sif Muna's Papyrus of Enchanting Clay {god gift}
  5994 | D        | Killed from afar by a naga mage

Illustrated notes

Levels and vault maps discovered:
D:        linesprint [early_d, line_temple, items_1, d_10, items_2, lair_1,
          lair_end, items_3, orc_1, orc_end, items_4, d_15, swamp_1, shoals_1,
          snake_1, spider_1, d_20, vaults_1, items_5, swamp_end, shoals_end,
          snake_end, spider_end, vaults_end, d_27, items_6, zot_1, zot_end,
          crypt_end, forest_end, elf_end, slime_end, tomb_end, abyss_end,
          pan_hell_end]

Skill      XL: |  1  2  3  4  5  6  7  8  9 10 11 12 13 |
---------------+----------------------------------------+-----
Stealth        | 6 7 9 11 12 13 15 17 20 22 26 27 | 27.0
Spellcasting   | 4 5 6 7 8 9 11 15 18 20 | 20.2
Hexes          | 5 6 8 9 10 11 12 13 14 17 18 20 | 20.4
Dodging        | 4 6 7 8 9 11 12 13 14 | 14.9
Short Blades   | 2 3 5 6 8 10 11 12 13 14 | 14.3
Fighting       | 1 2 3 4 5 6 7 |  7.4
Evocations     | 1 2 3 4 5 |  5.2
Ice Magic      | 1 4 7 8 9 |  9.1
Conjurations   | 1 2 |  2.7
Throwing       | |  0.6

Action                   |  1- 3 |  4- 6 |  7- 9 | 10-12 | 13-15 || total
-------------------------+-------+-------+-------+-------+-------++-------
Melee: Dagger            |    26 |    13 |       |       |       ||    39
       Rapier            |       |    21 |    27 |   180 |    60 ||   288
       Punch             |       |       |       |     3 |       ||     3
Throw: Dart              |       |       |       |     2 |       ||     2
 Cast: Ensorcelled Hiber |       |       |    10 |    94 |    33 ||   137
       Confusing Touch   |       |       |       |     5 |       ||     5
       Tukima's Dance    |       |       |       |     3 |       ||     3
       Slow              |       |       |       |     6 |       ||     6
       Dazzling Flash    |       |       |       |    12 |     8 ||    20
       Enfeeble          |       |       |       |     7 |     5 ||    12
Evoke: Wand              |       |     4 |     1 |     1 |     1 ||     7
  Use: Potion            |     2 |     4 |     1 |       |     2 ||     9
       Scroll            |       |       |       |     1 |     1 ||     2
 Stab: Sleeping          |     1 |       |     6 |    45 |    13 ||    65
       Invisible         |       |       |     7 |    18 |    11 ||    36
       Confused          |       |       |       |     3 |       ||     3
       Distracted        |       |       |       |     1 |     1 ||     2
Armor: Robe              |     2 |     4 |       |       |     3 ||     9
Dodge: Dodged            |    13 |    29 |    22 |   115 |    75 ||   254

Table legend: (Time is in decaauts)
 A = Elapsed time spent in this place.
 B = Non-inter-level travel time spent in this place.
 C = Inter-level travel time spent in this place.
 D = Time resting spent in this place.
 E = Time spent auto-exploring this place.
 F = Levels seen in this place.
 G = Mean time per level.
                   A        B        C        D        E       F      G
               +--------+--------+--------+--------+--------+-----+--------+
         Total |   4882 |   4882 |      0 |   2363 |   1373 |   1 | 4882.0 |
       Dungeon |   4882 |   4882 |      0 |   2363 |   1373 |   1 | 4882.0 |
               +--------+--------+--------+--------+--------+-----+--------+

Top non-repeatable levels by time:
       D: 4882 daAuts
